 Dungeon Crawl Stone Soup version 0.31-a0-150-g89dc3ad700 (webtiles) character file.

Game seed: 1082711074742932791

59 qw the Shooter (level 3, -2/31 HPs)
             Began as a Minotaur Hunter on June 8, 2023.
             Slain by a gnoll
             ... wielding a +0 halberd
              (11 damage)
             ... on level 3 of the Dungeon.
             The game lasted 00:00:29 (1282 turns).

qw the Shooter (Minotaur Hunter)                    Turns: 1282, Time: 00:00:29

Health: -2/31      AC:  5    Str: 15    XL:     3   Next: 78%
Magic:  2/2        EV: 11    Int:  6    God:
Gold:   124        SH:  0    Dex: 15    Spells: 2/2 levels left

rFire   . . .        Y - +0 shortbow
rCold   . . .        (shield currently unavailable)
rNeg    + . .        f - +0 ring mail
rPois   .            (helmet restricted)
rElec   .            (no cloak)
rCorr   .            (no gloves)
SInv    .            (no boots)
Will    .....        (no amulet)
Stlth   +            h - ring of positive energy
HPRegen 0.25/turn    (no ring)
MPRegen 0.08/turn

%: no passive effects
@: no status effects
A: horns 2, retaliatory headbutt
a: no special abilities


You were on level 3 of the Dungeon.
You visited 1 branch of the dungeon, and saw 3 of its levels.

You collected 124 gold pieces.


Innate Abilities, Weirdness & Mutations

You have a pair of horns on your head.
You reflexively headbutt those who attack you in melee.


   Skills:
 - Level 3.0 Fighting
 + Level 5.6 Ranged Weapons
 - Level 1.1 Armour
 - Level 2.1 Dodging
 - Level 0.7 Stealth


You had 2 spell levels left.
You didn't know any spells.
Your spell library was empty.

Inventory:

Hand Weapons
 Y - a +0 shortbow (weapon)
Armour
 f - a +0 ring mail (worn)
Jewellery
 h - a ring of positive energy (left hand)
Potions
 a - 2 potions of curing
 b - a potion of mutation {unknown}
 e - a potion of degeneration {unknown}
 g - a potion of enlightenment {unknown}

Dungeon Overview and Level Annotations

Branches:
Dungeon (3/15)

Altars:
Gozag

Annotations:
D:3 exclusion: 4 gnolls


Message History

The gnoll shouts!
You shoot an arrow. The arrow closely misses the gnoll.
You shoot an arrow. The arrow hits the gnoll.
The gnoll is lightly wounded.
A gnoll comes into view. It is wielding a +0 halberd. x2
1263 ||| Stepping ~*~*~tactically~*~*~ (outnumbered).
The gnoll shouts!
You hear a shout!
1265 ||| Stepping ~*~*~tactically~*~*~ (outnumbered).
1266 ||| Stepping ~*~*~tactically~*~*~ (outnumbered).
You shoot an arrow. The arrow hits the gnoll.
The gnoll is severely wounded.
You shoot an arrow. The arrow hits the gnoll.
You kill the gnoll!
You see here a +0 flail.
A gnoll is nearby!
You shoot an arrow. The arrow barely misses the gnoll.
You shoot an arrow. The arrow hits the gnoll.
The gnoll is lightly wounded.
The gnoll hits you but does no damage.
You shoot an arrow. The arrow closely misses the gnoll.
The gnoll hits you from afar with a +0 halberd!
You shoot an arrow. The arrow closely misses the gnoll.
The gnoll hits you from afar with a +0 halberd.
Enter note:
1278 ||| Stepping ~*~*~tactically~*~*~ (outnumbered).
You shoot an arrow. The arrow hits the gnoll.
The gnoll is heavily wounded.
The gnoll barely misses you.
The gnoll hits you from afar with a +0 halberd.
You shoot an arrow. The arrow hits the gnoll.
The gnoll is severely wounded.
The gnoll barely misses you.
You shoot an arrow. The arrow hits the gnoll.
The gnoll is almost dead.
The gnoll closely misses you.
You shoot an arrow.
The arrow hits the gnoll but does no damage.
The gnoll is almost dead.
The gnoll hits you from afar with a +0 halberd!
You die...

..g# #.#. # ...# #..
.#....# #.. ..... #.#
####g#### #.#
####.).....## #.##
#.g.........###...
#####.##..#.....#.....
#....@##..#.....#.###.
###.#.####..#.......# #.
#...#...##..#.##..#.###.
#.#####.##..).....#.....
#...#...###../....###.##
###.#.# ##...%...## ####
###...####.......# #
#.......##.......# #
#.##.##.##.....^.# #


You could see a gnoll.

Vanquished Creatures
  A gnoll (D:3)
  An adder (D:3)
  A worm (D:3)
  6 ball pythons
  6 endoplasms
  2 giant cockroaches (D:2)
  3 goblins
  3 hobgoblins (D:1)
  A quokka (D:3)
  3 bats
  3 frilled lizards
  3 kobolds (D:1)
  5 rats
38 creatures vanquished.

Notes
Turn   | Place    | Note
-------+----------+-------------------------------------------
     0 | D:1      | qw the Minotaur Hunter began the quest for the Orb.
     0 | D:1      | Reached XP level 1. HP: 18/18 MP: 0/0
     0 | D:1      | 0 ||| qw: Version: 0.2-a-119-g0488c42
     0 | D:1      | 0 ||| qw: Game counter: 2715
     0 | D:1      | 0 ||| qw: Always use a shield: true
     0 | D:1      | 0 ||| qw: God list: Okawaru
     0 | D:1      | 0 ||| qw: Allow faded altars: false
     0 | D:1      | 0 ||| qw: Do Orc after D:15 true
     0 | D:1      | 0 ||| qw: Do second Lair branch before Depths: true
     0 | D:1      | 0 ||| qw: Lair rune preference: random
     0 | D:1      | 0 ||| qw: Plans: Normal
     0 | D:1      | 0 ||| PLANNING D:1-11
   102 | D:1      | Reached XP level 2. HP: 25/25 MP: 1/1
   153 | D:1      | Found a faded altar of an unknown god.
   278 | D:1      | Reached skill level 5 in Ranged Weapons
   423 | D:1      | Reached skill level 3 in Fighting
   777 | D:1      | 777 ||| READING scroll labelled FUTAUM OSHRA.
   780 | D:1      | 780 ||| READING scroll labelled GIAXEG PAUDGHOMN.
   781 | D:1      | 781 ||| READING scroll labelled VIEWEREODI.
   782 | D:1      | 782 ||| READING scroll labelled IRUNNARPHIU.
   783 | D:1      | 783 ||| DROPPING scroll of butterflies.
   873 | D:2      | Found an opulent altar of Gozag.
   946 | D:2      | Reached XP level 3. HP: 31/31 MP: 2/2
  1108 | D:2      | 1108 ||| UPGRADING to +0 ring mail.
  1118 | D:2      | 1118 ||| DROPPING +0 leather armour.
  1119 | D:2      | 1119 ||| UPGRADING to ring of positive energy.
  1120 | D:2      | 1120 ||| READING scroll labelled PEM ALIGRA.
  1121 | D:2      | 1121 ||| READING scroll labelled NOYTEAJIAT.
  1122 | D:2      | 1122 ||| DRINKING 3 red potions.
  1145 | D:3      | Reached skill level 1 in Armour
  1263 | D:3      | 1263 ||| Stepping ~*~*~tactically~*~*~ (outnumbered).
  1265 | D:3      | 1265 ||| Stepping ~*~*~tactically~*~*~ (outnumbered).
  1266 | D:3      | 1266 ||| Stepping ~*~*~tactically~*~*~ (outnumbered).
  1278 | D:3      | 1278 ||| Stepping ~*~*~tactically~*~*~ (outnumbered).
  1282 | D:3      | Slain by a gnoll

Levels and vault maps discovered:
D:1:      dpeg_arrival_simpleton_b, layout_basic,
          dilly_ecumenical_altar_fadedgnrine
D:2:      layout_basic, basic_altar
D:3:      layout_loops_cross, nicolae_overflows_in_rows

Skill      XL: |  1  2  3 |
---------------+----------+-----
Ranged Weapons | 5 |  5.6
Fighting       | 3 |  3.0
Armour         | 1 |  1.1
Dodging        | |  2.1
Stealth        | |  0.7

Action                     || total
---------------------------++-------
   Fire: Shortbow          ||    99
    Use: Scroll            ||     6
         Potion            ||     1
 Armour: Leather armour    ||     6
         Ring mail         ||     6
  Dodge: Dodged            ||    25

Table legend:
 A = Non-vault XP
 B = Vault XP
 C = Vault XP percentage of total XP
 D = Non-vault monster count
 E = Vault monster count
 F = Vault count percentage of total count
                 A         B        C        D         E       F
            +---------+---------+-------+---------+---------+-------
      Total |      85 |       0 |   0.0 |      38 |       0 |   0.0
            +---------+---------+-------+---------+---------+-------
        D:1 |      30 |       0 |   0.0 |      21 |       0 |   0.0
        D:2 |      18 |       0 |   0.0 |      11 |       0 |   0.0
        D:3 |      37 |       0 |   0.0 |       6 |       0 |   0.0
            +---------+---------+-------+---------+---------+-------
